 Dungeon Crawl Stone Soup version 0.21.1-1-g345015fe64 (webtiles) character file.

49 Ivernyr the Charmwright (level 4, 0/33 HPs)
             Began as a Human Skald on May 1, 2018.
             Slain by an adder (3 damage)
             ... on level 2 of the Dungeon.
             The game lasted 00:04:13 (1485 turns).

Ivernyr the Charmwright (Human Skald)               Turns: 1485, Time: 00:04:14

Health: 0/33       AC:  3    Str: 11    XL:     4   Next: 1%
Magic:  0/7        EV: 12    Int: 13    God:
Gold:   62         SH:  0    Dex: 14    Spells: 2/7 levels left

rFire    + . .     SeeInvis .   a - +0 falchion
rCold    . . .     Gourm    .   (no shield)
rNeg     . . .     Faith    .   b - +0 leather armour
rPois    .         Spirit   .   (no helmet)
rElec    .         Reflect  .   (no cloak)
rCorr    .         Harm     .   (no gloves)
MR       .....                  (no boots)
Stlth    +.........             (no amulet)
HPRegen  0.11/turn              j - ring of protection from fire
MPRegen  0.10/turn              (no ring)

@: lethally poisoned (0 -> -8), singing (expiring), flying, very slightly
contaminated
A: no striking features
a: no special abilities


You were on level 2 of the Dungeon.
You were hungry.

You visited 1 branch of the dungeon, and saw 2 of its levels.

You collected 62 gold pieces.

Inventory:

Hand Weapons
 a - a +0 falchion (weapon)
Armour
 b - a +0 leather armour (worn)
 h - a +0 shield
Jewellery
 j - a ring of protection from fire (left hand)
Scrolls
 f - a scroll of remove curse {unknown}
 g - a scroll of enchant weapon {unknown}
 i - 2 scrolls of enchant armour {unknown}
 k - 3 scrolls of teleportation {unknown}
 l - a scroll of blinking {unknown}
 n - a scroll of fear {unknown}
 o - a scroll of identify {unknown}
Books
 c - a book of Battle

   Spells                             Type                      Level
   a - Infusion                       Charms                       1
   b - Shroud of Golubria             Charms/Translocation         2
   c - Song of Slaying                Charms                       2
   d - Spectral Weapon                Hexes/Charms                 3
   e - Regeneration                   Charms/Necromancy            3
Comestibles
 d - 2 rations


   Skills:
 - Level 2.0 Fighting
 + Level 2.4 Long Blades
 + Level 1.8 Armour
 - Level 2.0 Dodging
 * Level 1.7 Shields
 - Level 2.0 Spellcasting
 + Level 3.3 Charms


You had 2 spell levels left.
You knew the following spells:

 Your Spells              Type           Power        Failure   Level  Hunger
a - Shroud of Golubria    Chrm/Tloc      #.........   26%         2    ###....
b - Song of Slaying       Chrm           ##......     13%         2    ###....
c - Infusion              Chrm           ##..         9%          1    ##.....


Dungeon Overview and Level Annotations

Branches:
Dungeon (2/15)

Altars:


Message History

The adder is heavily wounded.
You feel sick. The adder bites you.
* * * LOW HITPOINT WARNING * * *
Unknown command.
It was a potion of flight.
You feel very buoyant.
You fly up into the air.
Your song is almost over.
* * * LOW HITPOINT WARNING * * *
You feel sick. The adder barely misses you. The adder closely misses you.
You hit the adder.
The adder is heavily wounded.
* * * LOW HITPOINT WARNING * * *
You feel sick. The adder bites you.
* * * LOW HITPOINT WARNING * * *
Unknown command.
You closely miss the adder.
The adder is heavily wounded.
The adder bites you.
You die...

..<........ .
#[......S. S. #........
.#.....[S .......
##..K. #...K# #S#
..####@#### ....
...........### ......
.##.....##...##........
#...#.####............
###...>...##..........
###.##...#..........
#...##............
#.#...............
....###............


You could see an adder and 2 kobolds.

Vanquished Creatures
  2 adders (D:2)
  A dart slug (D:1)
  A leopard gecko (D:1)
  A giant cockroach (D:1)
  5 goblins
  A hobgoblin (D:1)
  6 jackals
  3 bats
  2 frilled lizards (D:1)
  4 kobolds (D:1)
  A rat (D:1)
27 creatures vanquished.

Notes
Turn   | Place    | Note
-------+----------+-------------------------------------------
     0 | D:1      | Ivernyr the Human Skald began the quest for the Orb.
     0 | D:1      | Reached XP level 1. HP: 16/16 MP: 3/3
   416 | D:1      | Reached XP level 2. HP: 20/22 MP: 5/5
   695 | D:1      | Learned a level 2 spell: Song of Slaying
   698 | D:1      | Learned a level 2 spell: Shroud of Golubria
   922 | D:1      | Reached skill level 1 in Shields
   990 | D:1      | Reached XP level 3. HP: 23/27 MP: 1/6
  1472 | D:2      | Reached XP level 4. HP: 26/33 MP: 1/7
  1485 | D:2      | Slain by an adder

Skill      XL: |  1  2 |
---------------+-------+-----
Shields        | 1 |  1.7
Fighting       | |  2.0
Long Blades    | |  2.4
Armour         | |  1.8
Dodging        | |  2.0
Spellcasting   | |  2.0
Charms         | |  3.3

Action                   |  1- 3 |  4- 6 || total
-------------------------+-------+-------++-------
Melee: Falchion          |    91 |    10 ||   101
 Cast: Shroud of Golubri |     4 |       ||     4
       Song of Slaying   |     2 |       ||     2
  Use: Potion            |     1 |     1 ||     2
  Eat: Chunk             |     2 |       ||     2
Armor: Leather armour    |    20 |     4 ||    24
Dodge: Dodged            |    83 |     8 ||    91
       Rpst.: Falchion   |    29 |     2 ||    31
